 Dungeon Crawl Stone Soup version 0.17.1-3-g152610e (webtiles) character file.

33104 senseless the Bludgeoner (level 13, -9/130 HPs)
             Began as a Minotaur Fighter on Mar 7, 2016.
             Was the Champion of Okawaru.
             Killed from afar by Mara (48 damage)
             ... with a bolt of fire
             ... on level 3 of the Spider Nest.
             The game lasted 00:50:43 (12467 turns).

senseless the Bludgeoner (Minotaur Fighter)        Turns: 12467, Time: 00:50:43

Health: -9/130     AC: 26    Str: 32    XL:     13   Next: 35%
Magic:  0/12       EV:  7    Int: 13    God:    Okawaru [******]
Gold:   893        SH: 18    Dex: 12    Spells: 0 memorised, 12 levels left

rFire  . . .     SeeInvis .     d - +8 flail (crush)
rCold  . . .     Rnd*Rage +     u - +1 plate armour of the Sturgeon {+Inv Int+4}
rNeg   . . .     SustAt   .     c - +5 shield
rPois  .         Gourm    .     N - +0 hat {Int+3}
rElec  .         Spirit   +     F - +0 cloak
rCorr  .         Warding  .     g - +0 pair of gloves
rMut   .         Stasis   .     P - +1 pair of boots {Fly}
MR     .....                    w - amulet of guardian spirit
Stlth  ..........               n - +4 ring of dexterity
                                y - +4 ring of strength

@: lethally poisoned (-9 -> -17), flying, not resistant to hostile enchantments,
extremely unstealthy
A: retaliatory headbutt, horns 2, rough black scales 1, rugged brown scales 1,
berserk 1, strong 1
a: Heroism, Finesse, Renounce Religion, Evoke Invisibility, Stop Flying


You were on level 3 of the Spider Nest.
You worshipped Okawaru.
Okawaru was exalted by your worship.
You were not hungry.

You visited 4 branches of the dungeon, and saw 18 of its levels.
You also visited: Labyrinth, Ossuary and Volcano.

You collected 1229 gold pieces.
You spent 336 gold pieces at shops.

Inventory:

Hand Weapons
 d - a +8 flail of crushing (weapon)
 C - a +1 morningstar of draining
 J - the +2 morningstar "Jizxae" {venom, +Fly rC+}
   (You found it on level 1 of the Spider Nest)

   It poisons the flesh of those it strikes.
   It protects you from cold.
   It lets you fly.
Armour
 c - a +5 shield (worn)
 g - a +0 pair of gloves (worn)
 u - the +1 plate armour of the Sturgeon (worn) {+Inv Int+4}
   (You acquired it on level 1 of the Lair of Beasts)

   It affects your intelligence (+4).
   It lets you turn invisible.
 F - a +0 cloak (worn)
 N - a +0 hat of intelligence (worn)
 P - a +1 pair of boots of flying (worn)
Jewellery
 h - a +4 ring of intelligence
 l - an uncursed ring of protection from cold
 n - a +4 ring of dexterity (right hand)
 q - a +2 ring of evasion
 s - a cursed -3 ring of dexterity
 v - an uncursed ring of ice
 w - an amulet of guardian spirit (around neck)
 y - a +4 ring of strength (left hand)
 A - a +2 ring of intelligence
 G - an uncursed ring of stealth
 M - an uncursed ring of flight
 U - a cursed -3 ring of dexterity
Wands
 o - a wand of draining (5)
 z - a wand of hasting (7)
 B - a wand of draining (8)
 H - a wand of paralysis (9)
 O - a wand of frost (16)
Scrolls
 f - 16 scrolls of remove curse
 i - 3 scrolls of recharging
 j - 4 scrolls of fog
 m - a scroll of amnesia
 p - a scroll of fear
 r - 3 scrolls of teleportation
 x - 3 scrolls of identify
 L - 3 scrolls of magic mapping
 Q - a scroll of blinking
 V - a scroll of holy word
 W - a scroll of enchant armour
Potions
 a - 2 potions of resistance
 k - 6 potions of curing
 t - 3 potions of heal wounds
 D - 4 potions of flight
 E - 2 potions of brilliance
 K - 5 potions of might
 R - 3 potions of berserk rage
 T - 2 potions of invisibility
Books
 b - a Grand Grimoire

   Spells                             Type                      Level
   a - Monstrous Menagerie            Summoning                    6
   b - Summon Greater Demon           Summoning                    7
   c - Malign Gateway                 Summoning/Translocation      7
   d - Summon Horrible Things         Summoning                    8
Comestibles
 e - 14 bread rations
 I - 5 meat rations
 S - 5 fruits
 X - 3 chunks of flesh


   Skills:
 * Level 15.4 Fighting
 * Level 15.5 Maces & Flails
 + Level 11.8 Armour
 + Level 11.4 Shields


You had 12 spell levels left.
You didn't know any spells.

Dungeon Overview and Level Annotations

Branches:
Dungeon (10/15)            Temple (1/1) D:4            Lair (4/8) D:10
  Swamp (0/4) Lair:4       Spider (3/4) Lair:4
    Orc: D:9-12

Altars:
Ashenzari
Cheibriados
Dithmenos
Elyvilon
Fedhas
Gozag
Kikubaaqudgha
Makhleb
Nemelex Xobeh
Okawaru
Qazlal
Ru
Sif Muna
Trog
Vehumet
Xom
Yredelemnul
Zin
The Shining One

Shops:
D:8 *   D:10 ?

Annotations:
Spider:3 Mara, Norris


Innate Abilities, Weirdness & Mutations

You reflexively headbutt those who attack you in melee.
You have a pair of horns on your head.
You are partially covered in rough black scales (AC +4, Dex -1).
You are partially covered in rugged brown scales (AC +1, +3% HP).
You tend to lose your temper in combat.
Your muscles are strong. (Str +2)


Message History

Mara blinks!
You thump senseless's illusion!
You headbutt senseless's illusion, but do no damage.
Senseless's illusion is moderately wounded.
You feel sick. Senseless's illusion barely misses you.
You hit senseless's illusion but do no damage.
You headbutt senseless's illusion.
Senseless's illusion is moderately wounded.
You feel sick.
You feel sick. You block the tarantella's attack.
Senseless's illusion passes through a web.
Mara gestures.
Mara blinks!
The tarantella closely misses you.
You feel sick. You block the tarantella's attack.
You hit the tarantella. Your headbutt misses the tarantella.
The tarantella is moderately wounded.
You feel sick. You block the tarantella's attack. Mara gestures at you.
The bolt of fire hits you!
You die...

..###...... ...#
..#..#^.. .
...###.#.....##.#
#...............#.
#...........R#....
##...#.#.#......#.
#!.....^..s.......
##....#..^@@...s...
#..#.^..#..<.#.#...
#......^..#....#
##...^#.##^...##
##...### .####
###..##### #...<#
#...#.# ##...##


You could see Mara, a jumping spider, a tarantella and senseless's illusion.

Vanquished Creatures
  Gastronok (Lair:1)
  A ghost moth (Spider:2)
  A minotaur (Lab)
  An entropy weaver (Spider:2)
  3 hydras
  Erolcha (Volcano)
  2 unseen horrors (Lab)
  A hill giant (D:10)
  A swamp dragon (Lair:4)
  2 orb spiders (Spider:1)
  A moth of wrath (Spider:3)
  8 wolf spiders
  A hornet (Spider:2)
  A black mamba (Lair:2)
  2 molten gargoyles (Lair:4)
  3 spiny frogs (Lair:2)
  A demonic crawler (Spider:2)
  3 komodo dragons
  A fire drake (Lair:2)
  5 jumping spiders
  3 two-headed ogres (Volcano)
  A polar bear (Lair:2)
  A boulder beetle (Spider:1)
  3 blink frogs (Lair:1)
  The ghost of Goblin1989 the Insei, an amateur OpTm (D:5)
  6 redbacks
  4 trapdoor spiders
  A tarantella (Spider:1)
  19 yaks
  A deep elf fighter (D:10)
  Eustachio (D:4)
  2 steam dragons
  4 hippogriffs
  Edmund (D:4)
  4 porcupines
  2 orc warriors (D:9)
  7 water moccasins
  A sky beast (D:10)
  14 spiders
  5 ogres
  A phantom (D:9)
  4 centaurs
  5 big kobolds
  7 crocodiles
  13 giant frogs
  A wyvern skeleton (D:8)
  4 scorpions
  5 killer bees (D:7)
  5 lava snakes (Lair:4)
  6 wights (D:7)
  4 crimson imps
  6 hounds
  A giant frog zombie (D:5)
  4 jellies
  A centaur skeleton (D:5)
  5 orc priests
  Jessica (D:2)
  10 iguanas
  8 orc wizards
  Terence (D:2)
  A quasit (D:7)
  9 worker ants
  6 sheep (Lair:4)
  A big kobold zombie (Ossuary)
  A hound zombie (D:10)
  8 mummies (Ossuary)
  A worker ant zombie (D:6)
  Robin (D:2)
  25 river rats
  4 adders
  A gnoll (D:3)
  2 shadow imps
  An ooze (D:5)
  An adder zombie (D:5)
  3 worms
  3 adder skeletons
  5 giant geckos
  18 orcs
  10 bats
  A gnoll zombie (Ossuary)
  12 hobgoblins
  11 jackals
  48 kobolds
  2 quokkas
  5 giant cockroaches
  8 giant newts
  4 goblins
  A hobgoblin zombie (Ossuary)
  A kobold zombie (Ossuary)
  4 orc zombies (Ossuary)
  A quokka skeleton (D:4)
  24 rats
436 creatures vanquished.

Vanquished Creatures (others)
  A fungus (D:10)
  2 plants (D:10)
3 creatures vanquished.

Grand Total: 439 creatures vanquished

Notes
Turn   | Place    | Note
--------------------------------------------------------------
     0 | D:1      | senseless the Minotaur Fighter began the quest for the Orb.
     0 | D:1      | Reached XP level 1. HP: 19/19 MP: 0/0
   150 | D:1      | Reached XP level 2. HP: 27/27 MP: 1/1
   419 | D:2      | Noticed Robin
   429 | D:2      | Killed Robin
   429 | D:2      | Reached skill level 4 in Fighting
   430 | D:2      | Reached XP level 3. HP: 33/33 MP: 2/2
   591 | D:2      | Noticed Jessica
   600 | D:2      | Killed Jessica
   600 | D:2      | Reached XP level 4. HP: 28/41 MP: 3/3
   782 | D:2      | Noticed Terence
   795 | D:2      | Killed Terence
   839 | D:2      | Found a burning altar of Makhleb.
   839 | D:2      | Found a shimmering altar of Xom.
  1061 | D:3      | Found a sacrificial altar of Ru.
  1159 | D:3      | Found a glowing silver altar of Zin.
  1159 | D:3      | Found a shattered altar of Ashenzari.
  1381 | D:3      | Noticed a big kobold
  1395 | D:3      | Killed a big kobold
  1395 | D:3      | Reached skill level 5 in Fighting
  1395 | D:3      | Reached XP level 5. HP: 44/48 MP: 4/4
  1633 | D:3      | Noticed a big kobold
  1652 | D:3      | Killed a big kobold
  1652 | D:3      | Reached skill level 5 in Maces & Flails
  1652 | D:3      | Reached XP level 6. HP: 50/57 MP: 5/5
  1674 | D:3      | Noticed a big kobold
  1674 | D:3      | Noticed a big kobold
  1680 | D:3      | Killed a big kobold
  1680 | D:3      | Reached skill level 6 in Fighting
  1686 | D:3      | Killed a big kobold
  1686 | D:3      | Reached skill level 5 in Armour
  2005 | D:4      | Reached XP level 7. HP: 22/64 MP: 6/6
  2202 | D:4      | Reached skill level 5 in Shields
  2366 | D:4      | Noticed Edmund
  2389 | D:4      | HP: 3/64 [Edmund/flail of crushing (1)]
  2390 | D:4      | Killed Edmund
  2390 | D:4      | Reached skill level 7 in Fighting
  2698 | D:4      | Noticed Eustachio
  2712 | D:4      | Killed Eustachio
  2712 | D:4      | Reached XP level 8. HP: 73/73 MP: 7/7
  2733 | D:4      | Found a staircase to the Ecumenical Temple.
  2739 | Temple   | Entered the Ecumenical Temple
  2778 | Temple   | Became a worshipper of Warmaster Okawaru
  3099 | D:5      | Entered Level 5 of the Dungeon
  3119 | D:5      | Noticed Goblin1989's ghost (amateur OpTm)
  3126 | D:5      | Killed Goblin1989's ghost
  3164 | D:5      | Reached skill level 8 in Fighting
  3178 | D:5      | Found a sparkling altar of Nemelex Xobeh.
  3529 | D:5      | Reached * piety under Okawaru
  3919 | D:6      | Found a bloodstained altar of Trog.
  4077 | D:6      | Found a sand-covered staircase.
  4083 | Ossuary  | Entered an ossuary
  4332 | Ossuary  | Gained mutation: You are partially covered in rugged brown scales (AC +1, +3% HP). [potion of beneficial mutation]
  4333 | Ossuary  | Gained mutation: Your muscles are strong. (Str +2) [potion of mutation]
  4333 | Ossuary  | Gained mutation: You tend to lose your temper in combat. [potion of mutation]
  4633 | D:7      | Found a shadowy altar of Dithmenos.
  4739 | D:7      | Reached skill level 9 in Fighting
  4739 | D:7      | Reached XP level 9. HP: 80/85 MP: 8/8
  4824 | D:7      | Reached ** piety under Okawaru
  5226 | D:7      | Found a white marble altar of Elyvilon.
  5391 | D:8      | Found a snail-covered altar of Cheibriados.
  5587 | D:8      | Reached skill level 10 in Fighting
  5587 | D:8      | Reached skill level 10 in Maces & Flails
  5621 | D:8      | Found an opulent altar of Gozag.
  5632 | D:8      | Found Gozag's Platinum Reserve.
  5888 | D:9      | Reached *** piety under Okawaru
  5904 | D:9      | Found a bloodstained altar of Trog.
  6111 | D:9      | Reached XP level 10. HP: 96/96 MP: 9/9
  6129 | D:9      | Reached **** piety under Okawaru
  6431 | D:9      | Reached skill level 11 in Maces & Flails
  6506 | D:10     | Entered Level 10 of the Dungeon
  6599 | D:10     | Found Dets's Magic Scroll Emporium.
  6615 | D:10     | Bought a scroll of random uselessness for 15 gold pieces
  6615 | D:10     | Bought a scroll of noise for 15 gold pieces
  6615 | D:10     | Bought a scroll of magic mapping for 52 gold pieces
  6615 | D:10     | Bought a scroll of identify for 30 gold pieces
  6615 | D:10     | Bought a scroll of vulnerability for 112 gold pieces
  6615 | D:10     | Bought a scroll of enchant weapon for 112 gold pieces
  6864 | D:10     | Noticed a hill giant
  6866 | D:10     | Reached ***** piety under Okawaru
  6876 | D:10     | Killed a hill giant
  6953 | D:10     | Found a staircase to the Lair.
  6956 | D:10     | Received a gift from Okawaru
  6960 | D:10     | Got a transparent quarterstaff {god gift}
  7147 | Lair:1   | Entered Level 1 of the Lair of Beasts
  7176 | Lair:1   | Noticed Gastronok
  7186 | Lair:1   | Reached skill level 12 in Fighting
  7197 | Lair:1   | Killed Gastronok
  7197 | Lair:1   | Reached XP level 11. HP: 49/108 MP: 4/10
  7219 | Lair:1   | Identified a scroll of acquirement
  7220 | Lair:1   | Got a heavily runed plate armour
  7231 | Lair:1   | Identified the +1 plate armour of the Sturgeon {+Inv Int+4} (You acquired it on level 1 of the Lair of Beasts)
  7235 | Lair:1   | Identified the +3 quarterstaff of Equilibrium {drain, MR+ Dex+2} (Okawaru gifted it to you on level 10 of the Dungeon)
  7575 | Lair:1   | Got a crude ring mail
  8088 | Lair:2   | Noticed a four-headed hydra
  8097 | Lair:2   | Killed a four-headed hydra
  8097 | Lair:2   | Reached skill level 10 in Armour
  8101 | Lair:2   | Received a gift from Okawaru
  8101 | Lair:2   | Reached skill level 13 in Maces & Flails
  8458 | Lair:2   | Found a dark tunnel.
  8473 | Volcano  | Entered a volcano
  8524 | Volcano  | Found a burning altar of Makhleb.
  8541 | Volcano  | Noticed Erolcha
  8550 | Volcano  | Killed Erolcha
  8550 | Volcano  | Reached skill level 10 in Shields
  8560 | Volcano  | Reached XP level 12. HP: 31/118 MP: 3/11
  8563 | Volcano  | Reached ****** piety under Okawaru
  9222 | Lair:3   | Found a labyrinth entrance.
  9233 | Lab      | Entered a labyrinth
  9386 | Lab      | Noticed a minotaur
  9397 | Lab      | Killed a minotaur
  9399 | Lab      | Got a warped marble ring
  9401 | Lab      | Identified the Guide on Air and Arcane Weapons
  9420 | Lab      | Identified Ybror's Guide on Creative Bewitchment (You found it in a labyrinth)
  9430 | Lair:3   | Identified the ring "Xotab" {rPois MR++ MP+9 Int-3 Dex-3} (You took it off a minotaur in a labyrinth)
  9667 | Lair:3   | Received a gift from Okawaru
  9791 | Lair:3   | Noticed an eight-headed hydra
  9798 | Lair:3   | Killed an eight-headed hydra
 10028 | Lair:4   | Reached skill level 14 in Fighting
 10158 | Lair:4   | Found a shimmering altar of Xom.
 10539 | Lair:4   | Noticed a seven-headed hydra
 10545 | Lair:4   | Killed a seven-headed hydra
 10571 | Lair:4   | Found a staircase to the Swamp.
 10847 | Lair:4   | Found a hole to the Spider Nest.
 10863 | Spider:1 | Entered Level 1 of the Spider Nest
 10944 | Spider:1 | Got a twisted morningstar
 10945 | Spider:1 | Identified the cursed +2 morningstar "Jizxae" {venom, +Fly rC+} (You found it on level 1 of the Spider Nest)
 11128 | Spider:1 | Received a gift from Okawaru
 11611 | Spider:2 | Reached skill level 15 in Fighting
 11624 | Spider:2 | Noticed an entropy weaver
 11629 | Spider:2 | Reached XP level 13. HP: 129/129 MP: 12/12
 11647 | Spider:2 | Killed an entropy weaver
 11647 | Spider:2 | Reached skill level 15 in Maces & Flails
 11821 | Spider:2 | Gained mutation: You are partially covered in rough black scales (AC +4, Dex -1). [potion of mutation]
 12126 | Spider:2 | Killed a ghost moth
 12385 | Spider:3 | Noticed Norris
 12386 | Spider:3 | Paralysed by a hornet for 2 turns
 12450 | Spider:3 | Noticed Mara
 12457 | Spider:3 | Noticed senseless's illusion
 12467 | Spider:3 | Killed from afar by Mara

Action                   |  1- 3 |  4- 6 |  7- 9 | 10-12 | 13-15 || total
-------------------------+-------+-------+-------+-------+-------++-------
Melee: Flail             |    75 |   212 |   241 |   492 |   100 ||  1120
       Mace              |       |       |    40 |       |       ||    40
  Use: Potion            |       |       |     8 |     1 |     1 ||    10
       Scroll            |       |       |    17 |    20 |     2 ||    39
  Eat: Chunk             |       |     4 |     7 |    14 |       ||    25
       Meat ration       |       |       |     2 |       |       ||     2
       Beef jerky        |       |       |       |     1 |     1 ||     2
       Royal jelly       |       |       |       |     1 |       ||     1
       Pizza             |       |       |       |     1 |       ||     1
       Bread ration      |       |       |       |       |     1 ||     1
